 Dungeon Crawl Stone Soup version 0.31.0-11-ge490571c62 (webtiles) character file.

Game seed: 437420150181755749

65 qw the Shooter (level 3, -3/20 HPs)
             Began as a Deep Elf Hunter on Feb 3, 2024.
             Slain by Robin
             ... wielding a +0 spear
              (4 damage)
             ... on level 3 of the Dungeon.
             The game lasted 00:00:08 (2112 turns).

qw the Shooter (Deep Elf Hunter)                    Turns: 2112, Time: 00:00:09

Health: -3/20      AC:  6    Str: 10    XL:     3   Next: 94%
Magic:  5/5        EV: 11    Int: 13    God:
Gold:   137        SH:  0    Dex: 18    Spells: 2/2 levels left

rFire   . . .        a - +0 shortbow
rCold   . . .        (shield currently unavailable)
rNeg    . . .        i - +0 ring mail
rPois   .            (no helmet)
rElec   .            f - +0 cloak
rCorr   .            (no gloves)
SInv    .            (no boots)
Will    .....        d - amulet of the acrobat
Stlth   +            (no ring)
HPRegen 0.23/turn    (no ring)
MPRegen 0.09/turn

%: acrobat
@: no status effects
A: no striking features
a: no special abilities


You were on level 3 of the Dungeon.
You visited 1 branch of the dungeon, and saw 3 of its levels.

You collected 137 gold pieces.


   Skills:
 - Level 1.5 Fighting
 + Level 7.4 Ranged Weapons
 - Level 2.4 Dodging
 - Level 1.2 Stealth


You had 2 spell levels left.
You didn't know any spells.
Your spell library was empty.

Inventory:

Hand Weapons
 a - a +0 shortbow (weapon)
Armour
 f - a +0 cloak (worn)
 i - a +0 ring mail (worn)
Jewellery
 d - an amulet of the acrobat (around neck)
Scrolls
 e - 2 scrolls of teleportation
Potions
 b - a potion of curing {unknown}
 g - a potion of heal wounds

Dungeon Overview and Level Annotations

Branches:
Dungeon (3/15)

Altars:
Vehumet

Shops:
D:1 (

Annotations:
D:3 Robin


Message History

The goblins go into a battle-frenzy!
A goblin comes into view. It is wielding a +0 club.
You shoot an arrow. The arrow hits the goblin.
The goblin is heavily wounded.
The goblin hits you but does no damage. The goblin misses you.
You shoot an arrow. The arrow hits the goblin!
You kill the goblin!
A dart slug comes into view.
The goblin hits you but does no damage.
A goblin comes into view. It is wielding a +0 dagger.
Robin throws the goblin at you!
You shoot an arrow. The arrow hits the goblin.
You kill the goblin!
The goblin misses you. The goblin barely misses you.
You shoot an arrow.
The arrow hits the goblin but does no damage.
The goblin hits you but does no damage. x2; The goblin closely misses you.
The goblin hits you with a +0 dagger. The goblin hits you but does no damage.
You shoot an arrow. The arrow hits the goblin.
You kill the goblin!
The goblin shoots a sling bullet.
The sling bullet misses you. The goblin hits you with a +0 club.
The goblin hits you but does no damage.
You shoot an arrow. The arrow hits the goblin.
The goblin is moderately wounded.
The goblin barely misses you. The goblin hits you but does no damage.
The goblin barely misses you.
You shoot an arrow. The arrow closely misses the goblin.
The arrow hits the goblin.
The goblin is heavily wounded.
The goblin closely misses you. The goblin hits you with a +0 dagger.
The dart slug briefly extends its eye-stalks.
You shoot an arrow. The arrow hits the goblin.
The goblin is severely wounded.
The goblin hits you with a +0 club. The goblin hits you with a +0 dagger.
The goblin closely misses you.
Robin hits you from afar with a +0 spear.
The goblin hits you with a +0 dagger.
Robin hits you from afar with a +0 spear.
You die...
Robin calls out, "Let's celebrate!
Time for a feast!"

... #.# ##. #
#.# .... #. #.#
...# ##.##.##...
#.$.#w#g.#._.
#...ggggg....
#@# ####.#
#....# #.####
#># #.# #.# #.#
#%##############


You could see Robin, a dart slug and 5 goblins.

Vanquished Creatures
  2 adders (D:2)
  A dart slug (D:2)
  4 ball pythons
  6 endoplasms
  2 giant cockroaches (D:2)
  5 goblins
  6 hobgoblins
  4 kobolds (D:2)
  A quokka (D:1)
  4 bats
  3 frilled lizards
  A rat (D:1)
39 creatures vanquished.

Notes
Turn   | Place    | Note
-------+----------+-------------------------------------------
     0 | D:1      | qw the Deep Elf Hunter began the quest for the Orb.
     0 | D:1      | Reached XP level 1. HP: 12/12 MP: 3/3
     0 | D:1      | 0 ||| qw: Version: 0.3-a-157-g843a77d
     0 | D:1      | 0 ||| qw: Game counter: 3575
     0 | D:1      | 0 ||| qw: Melee chars always use a shield: true
     0 | D:1      | 0 ||| qw: God list: Okawaru
     0 | D:1      | 0 ||| qw: Allow faded altars: false
     0 | D:1      | 0 ||| qw: Do Orc after clearing Dungeon:15 true
     0 | D:1      | 0 ||| qw: Do second Lair branch before Depths: true
     0 | D:1      | 0 ||| qw: Lair rune preference: random
     0 | D:1      | 0 ||| qw: Goals: Normal
     0 | D:1      | 0 ||| PLANNING D:1-11
   345 | D:1      | Reached XP level 2. HP: 16/16 MP: 4/4
   402 | D:1      | Reached skill level 6 in Ranged Weapons
   450 | D:1      | Found Wiymep's Antique Weapon Boutique.
   454 | D:1      | 454 ||| SHOPLISTING arbalest (76 gold, have 70).
   888 | D:1      | 888 ||| UPGRADING to +0 cloak.
   893 | D:1      | 893 ||| READING 2 scrolls labelled QAANKA ATWU.
   893 | D:1      | 893 ||| IDENTIFYING white potion
   894 | D:1      | 894 ||| READING scroll of identify.
   894 | D:1      | 894 ||| IDENTIFYING scroll labelled MAHUASM QOUS
   895 | D:1      | 895 ||| READING 2 scrolls labelled QIMOJ AJUNT.
   899 | D:1      | 899 ||| READING scroll labelled PUGAAS BUC LUMP.
   900 | D:1      | 900 ||| DROPPING scroll of butterflies.
   901 | D:1      | 901 ||| DROPPING scroll of fear.
   968 | D:2      | Reached XP level 3. HP: 19/20 MP: 5/5
  1338 | D:2      | Reached skill level 7 in Ranged Weapons
  1818 | D:2      | 1818 ||| UPGRADING to +0 ring mail.
  1828 | D:2      | 1828 ||| DROPPING +0 leather armour.
  1829 | D:2      | 1829 ||| UPGRADING to amulet of the acrobat.
  1834 | D:2      | 1834 ||| READING 2 scrolls of identify.
  1834 | D:2      | 1834 ||| IDENTIFYING pink potion
  1835 | D:2      | 1835 ||| DROPPING potion of attraction.
  1850 | D:2      | 1850 ||| READING scroll of identify.
  1850 | D:2      | 1850 ||| IDENTIFYING scroll labelled IKADES WEMATEI
  1851 | D:2      | 1851 ||| DROPPING scroll of immolation.
  2100 | D:3      | Found a radiant altar of Vehumet.
  2101 | D:3      | Noticed Robin
  2112 | D:3      | HP: 3/20 [Robin/+0 spear (4)]
  2112 | D:3      | HP: 1/20 [goblin/+0 dagger[Robin] (2)]
  2112 | D:3      | Slain by Robin

Levels and vault maps discovered:
D:1:      dpeg_arrival_erosion, layout_loops_ring, serial_shops,
          nicolae_shop_back_alley_shop, serial_forest,
          infiniplex_forest_clump_small, infiniplex_forest_lined_ring,
          infiniplex_forest_clump_large, infiniplex_forest_clump_tiny
D:2:      layout_basic, hex_large, minmay_puff
D:3:      minmay_goblin_kobold_castle, layout_loops_ring, vehumet_altar_wand_db,
          corexii_item_surrounded_by_moat, uniq_robin

Skill      XL: |  1  2  3 |
---------------+----------+-----
Ranged Weapons | 6 7 |  7.4
Fighting       | |  1.5
Dodging        | |  2.4
Stealth        | |  1.2

Action                     || total
---------------------------++-------
   Fire: Shortbow          ||   109
    Use: Scroll            ||     6
 Armour: Leather armour    ||     8
         Ring mail         ||    19
  Dodge: Dodged            ||    19

Table legend:
 A = Non-vault XP
 B = Vault XP
 C = Vault XP percentage of total XP
 D = Non-vault monster count
 E = Vault monster count
 F = Vault count percentage of total count
                 A         B        C        D         E       F
            +---------+---------+-------+---------+---------+-------
      Total |      80 |      14 |  14.9 |      32 |       7 |  17.9
            +---------+---------+-------+---------+---------+-------
        D:1 |      23 |       0 |   0.0 |      13 |       0 |   0.0
        D:2 |      56 |       6 |   9.7 |      18 |       3 |  14.3
        D:3 |       1 |       8 |  88.9 |       1 |       4 |  80.0
            +---------+---------+-------+---------+---------+-------
